 Dungeon Crawl Stone Soup version 0.28-a0-397-g1a7b1a870f (webtiles) character file.

Game seed: 2480001266503271692

256 MacCMillion the Chopper (level 6, -7/51 HPs)
             Began as a Hill Orc Cinder Acolyte on Sept 3, 2021.
             Was a High Priest of Ignis.
             Engulfed by a cloud of flame (12 damage)
             ... on level 4 of the Dungeon.
             The game lasted 00:14:17 (5369 turns).

MacCMillion the Chopper (Hill Orc Cinder Acolyte)   Turns: 5369, Time: 00:14:17

Health: -7/51      AC:  6    Str: 19    XL:     6   Next: 15%
Magic:  7/7        EV: 10    Int: 14    God:    Ignis [*****.]
Gold:   222        SH:  0    Dex:  6    Spells: 3/7 levels left

rFire   + . .      SeeInvis .   p - +0 war axe
rCold   . . .      Faith    .   (no shield)
rNeg    . . .      Spirit   .   g - +0 ring mail
rPois   .          Reflect  .   (no helmet)
rElec   .          Harm     .   e - +0 cloak
rCorr   .          Rampage  .   (no gloves)
Will    .....                   (no boots)
Stlth   ..........              (no amulet)
HPRegen 0.17/turn               (no ring)
MPRegen 0.10/turn               (no ring)

@: no status effects
A: no striking features
a: Renounce Religion, Sea of Fire, Foxfire Swarm, Rising Flame


You were on level 4 of the Dungeon.
You worshipped Ignis.
Ignis was extremely pleased with you.
You visited 1 branch of the dungeon, and saw 4 of its levels.
You also visited: Sewer.

You collected 257 gold pieces.
You spent 35 gold pieces at shops.

Inventory:

Hand Weapons
 a - a -1 hand axe of flaming
 p - a +0 war axe (weapon)
Missiles
 q - 4 boomerangs
Armour
 e - a +0 cloak (worn)
 g - a +0 ring mail (worn)
 i - a scarf of harm
 t - a +0 buckler
 u - a +0 pair of boots
Jewellery
 n - a +4 ring of slaying
Scrolls
 h - a scroll of enchant weapon {unknown}
 k - 2 scrolls of fog {unknown}
 l - 2 scrolls of teleportation {unknown}
 m - 2 scrolls of enchant armour {unknown}
 r - a scroll of identify
 s - a scroll of amnesia {unknown}
Potions
 b - a potion of magic
 c - 7 potions of curing {unknown}
 d - a potion of resistance
 f - 8 potions of degeneration
 j - 4 potions of flight
 o - 2 potions of cancellation {unknown}


   Skills:
 - Level 3.6 Fighting
 * Level 7.0 Axes
 - Level 1.0 Spellcasting
 + Level 2.0 Summonings
 + Level 4.8 Fire Magic


You had 3 spell levels left.
You knew the following spells:

 Your Spells              Type           Power      Damage    Failure   Level
a - Scorch                Fire           28%        2d6       10%         2
b - Call Imp              Summ           6%         N/A       28%         2

Your spell library contained the following spells:

 Spells                   Type           Power      Damage    Failure   Level
 Magic Dart               Conj           0%         1d3       41%         1
 Mephitic Cloud           Conj/Pois/Air  0%         N/A       80%         3


Dungeon Overview and Level Annotations

Branches:
Dungeon (4/15)             Temple (0/1) D:4           Sewer (visited)

Altars:
Fedhas

Shops:
D:1 [   D:2 (

Annotations:
D:2 1 runed translucent door, Crazy Yiuf


Message History

The adder is lightly wounded.
You feel sick. The adder bites you.
You are more poisoned.
The adder poisons you! The adder bites you but does no damage.
You slash the adder!
You kill the adder!
You feel sick.
No target in view!
You feel sick.
You feel sick.
You feel sick.
You feel sick.
You feel sick.
You feel sick.
You feel sick.
You are no longer poisoned.
You see here an adder corpse.
An iguana comes into view.
The iguana hisses angrily.
An iguana is nearby!
Found a grey potion.
You closely miss the iguana. The iguana bites you!
The iguana closely misses you.
You barely miss the iguana. The iguana bites you!
You completely miss the iguana. The iguana bites you!
You barely miss the iguana. The iguana bites you!
You hit the iguana.
The iguana is moderately wounded.
The iguana bites you!
* * * LOW HITPOINT WARNING * * *
Okay, then.
Fires begin to smoulder around you! The iguana barely misses you.
The fire ignites! x42; You smother the flame.
The fire ignites! x95
Really walk into that cloud of flame? [Y]es or [N]o only, please.
Really walk into that cloud of flame?
You are engulfed in blazing flames.
You resist.
* * * LOW HITPOINT WARNING * * *
You are engulfed in blazing flames.
You resist.
You die...

##....>.##
##§§§§§§§§§.§
######..###§§§§§§§§§§§.
##.##§§§§§§§§§§§..
#.#§§§§§§§§§§§§..
#.#§§§§.§§§§§§§≈.
#.#☼§§§.§§§§§§§≈.
#.#§§§§l§§§§§≈§≈..
#.#☼§§§§§§§§≈§§≈...
#.#≈§§§@§§§§§≈§≈...
#.#§.§§☼§§§§§§§≈§..
#.#≈§§§§.≈§§§§≈....
#.##≈≈§§§§§§☼§§.§§≈
#..##§§§.§§§§§§.§§≈
##..##≈≈........§§#
##..##≈≈......§≈#
##..##§≈≈..≈≈§##
##..####''####


You could see an iguana.

Vanquished Creatures
  A water moccasin skeleton (D:4)
  An orc priest (D:3)
  5 adders
  7 worms
  4 orcs
  17 bats
  15 endoplasms
  7 giant cockroaches
  7 hobgoblins
  7 jackals
  3 quokkas
  8 ball pythons
  5 frilled lizards
  5 goblins
  6 kobolds
  5 rats
103 creatures vanquished.

Vanquished Creatures (others)
  3 plants (D:1)
3 creatures vanquished.

Grand Total: 106 creatures vanquished

Notes
Turn   | Place    | Note
-------+----------+-------------------------------------------
     0 | D:1      | MacCMillion the Hill Orc Cinder Acolyte began the quest for
                  | the Orb.
     0 | D:1      | Reached XP level 1. HP: 19/19 MP: 2/2
   155 | D:1      | Reached XP level 2. HP: 25/26 MP: 3/3
   665 | D:1      | Learned a level 2 spell: Scorch
   769 | D:1      | Found Xuops's Armour Shoppe.
   872 | D:2      | Found Wysaeka's Weapon Shoppe.
   883 | D:2      | Reached XP level 3. HP: 31/31 MP: 4/4
   891 | D:2      | Reached skill level 5 in Axes
  1401 | D:2      | Learned a level 2 spell: Call Imp
  1558 | D:2      | Reached XP level 4. HP: 39/39 MP: 5/5
  1896 | D:2      | Found a runed translucent door.
  1897 | D:2      | Noticed Crazy Yiuf
  2257 | D:3      | Reached skill level 6 in Axes
  2257 | D:3      | Reached skill level 1 in Summonings
  2479 | D:3      | Found a glowing drain.
  2507 | Sewer    | Entered a sewer
  2520 | Sewer    | Reached XP level 5. HP: 45/45 MP: 6/6
  4013 | D:3      | Found a blossoming altar of Fedhas.
  4486 | D:2      | Bought a +0 war axe for 35 gold pieces
  5067 | D:4      | Reached skill level 7 in Axes
  5067 | D:4      | Reached XP level 6. HP: 46/51 MP: 7/7
  5158 | D:4      | Found a staircase to the Ecumenical Temple.
  5369 | D:4      | Engulfed by a cloud of flame

Illustrated notes

Levels and vault maps discovered:
D:1:      eino_arrival_druids_welcome, layout_rooms, serial_shops,
          nicolae_shop_window_shopping, dk_noncrumbling_4
D:2:      minmay_chambers_of_twos, layout_loops_corners, serial_shops,
          nicolae_shop_temple_entry_statues_fountains, due_unseen_surprise,
          uniq_crazy_yiuf_cottage
D:3:      layout_loops_ring, lemuel_round_altar, gup_sewer_entry_glass
D:4:      layout_basic, minmay_temple_entry_wispy, kennysheep_big_empty_room

Skill      XL: |  1  2  3  4  5 |
---------------+----------------+-----
Axes           | 5 6 7 |  7.0
Fire Magic     | 4 |  4.8
Summonings     | 1 2 |  2.0
Fighting       | |  3.6
Spellcasting   | |  1.0

Action                   |  1- 3 |  4- 6 || total
-------------------------+-------+-------++-------
Melee: Hand axe          |   155 |   203 ||   358
       War axe           |       |    38 ||    38
 Cast: Scorch            |       |     2 ||     2
Invok: Sea of Fire       |       |     1 ||     1
  Use: Scroll            |       |     2 ||     2
       Potion            |       |     2 ||     2
Armor: Robe              |    21 |       ||    21
       Ring mail         |    40 |   115 ||   155
Dodge: Dodged            |    95 |   114 ||   209

Table legend: (Time is in decaauts)
 A = Elapsed time spent in this place.
 B = Non-inter-level travel time spent in this place.
 C = Inter-level travel time spent in this place.
 D = Time resting spent in this place.
 E = Time spent auto-exploring this place.
 F = Levels seen in this place.
 G = Mean time per level.
                   A        B        C        D        E       F      G
               +--------+--------+--------+--------+--------+-----+--------+
         Total |   5635 |   5336 |    299 |    714 |   3123 |   5 | 1127.0 |
       Dungeon |   4153 |   3854 |    299 |    501 |   2618 |   4 | 1038.2 |
         Sewer |   1482 |   1482 |      0 |    213 |    504 |   1 | 1482.0 |
               +--------+--------+--------+--------+--------+-----+--------+

Top non-repeatable levels by time:
     D:2: 1714 daAuts
   Sewer: 1482 daAuts
     D:1: 968 daAuts
     D:3: 761 daAuts
     D:4: 709 daAuts
